Lightning vs Avalanche

Created - 13 janvier 2018 at 18:25

Goals
1 2 3 T
Lightning 1 0 2 3
Avalanche 0 1 0 1
Shots
1 2 3 T
Lightning 9 12 17 38
Avalanche 6 6 2 14

1st period

1. Lightning , Jeff Carter 30 (Johnny Gaudreau 35, Patric Hornqvist 25) at 19:24

Penalties :
Dennis Wideman (TBL) for Boarding (Minor) at 3:46, Dylan Larkin (COL) for Interference (Minor) at 15:31, Brandon Carlo (COL) for Boarding (Minor) at 19:35

2nd period

2. Avalanche , Kevin Shattenkirk 9 (Mats Zuccarello 29, Alexander Steen 19) at 15:18

Penalties :
Andrej Sekera (TBL) for Roughing (Minor) at 4:18, Kevin Shattenkirk (COL) for Hooking (Minor) at 19:18

3rd period

3. Lightning , Tobias Rieder 11 (Patrick Eaves 13, Henrik Zetterberg 41) at 6:41
4. Lightning , Patrick Eaves 10 (Henrik Zetterberg 42) at 13:39

Penalties :
Deryk Engelland (COL) for Holding (Minor) at 3:08, Kevin Shattenkirk (COL) for Close Hand On Puck (Minor) at 6:54, Kevin Shattenkirk (COL) for Hooking (Minor) at 19:54

Goalie Stats

Kari Lehtonen (TBL), 13 saves from 14 shots - (0.929), W, 24-11-5, 60:00 minutes
Jake Allen (COL), 35 saves from 38 shots - (0.921), L, 15-13-0, 60:00 minutes

Players Stats for Lightning

Player Name              G  A  P  +/- PIM S  H  SB GA TA FO     MP     PP MP  PK MP  
------------------------------------------------------------------------------------
Andrej Sekera            0  0  0   1  2   1  3  1  0  0  0/0    22:58   5:51   1:02 
Dennis Wideman           0  0  0   1  2   0  0  1  0  0  0/0    17:14   0:09   0:51 
Erik Gudbranson          0  0  0   0  0   0  1  0  0  0  0/0    16:17   0:09   1:53 
Henrik Sedin             0  0  0   0  0   3  0  0  0  0  6/15   15:56   0:00   1:37 
Henrik Zetterberg        0  2  2   2  0   3  0  0  0  0  15/21  16:18   3:39   0:46 
Jeff Carter              1  0  1   0  0   7  1  0  0  0  16/25  21:46   6:21   0:00 
Johnny Gaudreau          0  1  1   0  0   6  0  0  0  0  0/1    22:20   6:21   0:34 
Kevin Klein              0  0  0   1  0   1  3  2  0  0  0/0    21:05   4:00   0:44 
Kyle Quincey             0  0  0   0  0   2  2  1  0  0  0/0    19:17   4:00   0:57 
Matt Hendricks           0  0  0   0  0   2  0  0  0  0  1/1    14:19   0:00   0:00 
Patric Hornqvist         0  1  1   0  0   1  3  0  0  0  0/1    21:46   6:21   0:00 
Patrick Eaves            1  1  2   2  0   4  1  0  0  0  0/1    19:34   3:39   0:00 
Teddy Purcell            0  0  0   0  0   0  0  0  0  0  0/0     0:00   0:00   0:00 
Tobias Rieder            1  0  1   2  0   6  1  1  0  0  0/2    12:04   0:09   0:00 
Travis Zajac             0  0  0   0  0   1  0  0  0  0  5/7     6:35   0:00   1:47 
Trevor Daley             0  0  0   1  0   0  1  0  0  0  0/0    23:07   5:51   2:29 
Troy Brouwer             0  0  0   0  0   1  1  1  0  0  1/2    19:13   3:30   1:49 
Vernon Fiddler           0  0  0   0  0   0  0  0  0  0  0/1     6:11   0:00   1:23 

Players Stats for Avalanche

Player Name              G  A  P  +/- PIM S  H  SB GA TA FO     MP     PP MP  PK MP  
------------------------------------------------------------------------------------
Alexander Steen          0  1  1   1  0   0  1  0  0  0  1/6    20:42   2:15   3:58 
Alexandre Burrows        0  0  0   0  0   0  1  0  0  0  0/0     2:49   0:00   0:00 
Brandon Carlo            0  0  0  -2  2   0  1  6  0  0  0/0    17:14   0:00   2:30 
David Krejci             0  0  0   1  0   0  0  0  0  0  12/31  24:33   2:15   5:35 
Derek Stepan             0  0  0  -1  0   2  0  0  0  0  4/14   20:17   1:43   3:17 
Deryk Engelland          0  0  0   0  2   0  1  1  0  0  0/0    19:31   1:30   3:27 
Dylan Larkin             0  0  0  -1  2   0  1  0  0  0  0/0    16:22   0:13   0:26 
Frank Vatrano            0  0  0  -2  0   0  0  0  0  0  0/0    13:27   0:00   0:00 
Jaccob Slavin            0  0  0   1  0   0  3  0  0  0  0/0    20:04   2:15   5:26 
Kevin Shattenkirk        1  0  1   0  6   1  1  0  0  0  0/0    22:08   2:15   3:14 
Martin Hanzal            0  0  0  -2  0   2  2  0  0  0  12/18  20:59   1:30   6:02 
Mats Zuccarello          0  1  1   1  0   3  0  0  0  0  1/2    16:58   2:15   0:00 
Matt Cullen              0  0  0  -2  0   2  3  0  0  0  1/3    16:01   0:56   0:42 
Mitch Marner             0  0  0   0  0   0  0  0  0  0  0/0     0:10   0:00   0:00 
Sami Vatanen             0  0  0  -1  0   0  0  1  0  0  0/0     5:08   0:00   0:49 
Tomas Hertl              0  0  0  -1  0   1  2  0  0  0  2/3    17:41   0:47   0:00 
Tyson Barrie             0  0  0   0  0   1  1  0  0  0  0/0    20:52   1:43   4:34 
Zach Werenski            0  0  0  -2  0   2  1  1  0  0  0/0    14:58   0:13   0:00 

3 Stars

1 - Patrick Eaves (TBL)
2 - Tobias Rieder (TBL)
3 - Henrik Zetterberg (TBL)

Power Play

Lightning - 0 on 6 Attempt(s) - 0.00%
Avalanche - 0 on 2 Attempt(s) - 0.00%

Penalty Kill

Lightning - 2 on 2 Attempt(s) - 100.00% - Score 0 goal in Penalty Kill
Avalanche - 6 on 6 Attempt(s) - 100.00% - Score 0 goal in Penalty Kill

Team Stat

Lightning - Hits : 17 - Faceoff Wins : 44 - Blocked Shots : 7 - Penalty Minutes : 4
Avalanche - Hits : 18 - Faceoff Wins : 33 - Blocked Shots : 9 - Penalty Minutes : 12

Official

Referees : Ghislain Hebert and Kevin Pollock
Linesman : Thor Nelson and Shane Heyer

Game Notes

Mitch Marner is injured at 0:35 of 1st period (Sports Hernia)

Finance

Level 1 -- Attendance: 5837 (89.80%) -- Ticket Income 595 374 $
Level 2 -- Attendance: 4481 (89.62%) -- Ticket Income 336 075 $
Level 3 -- Attendance: 3498 (99.94%) -- Ticket Income 192 390 $
Level 4 -- Attendance: 2007 (100.00%) -- Ticket Income 90 315 $
Luxury Box -- Attendance: 1000 (100.00%) -- Ticket Income 200 000 $
Game was played at the Pepsi Center.
Total Attendance: 16823 (93.42%)
Total Ticket Income: 1 414 154 $
Other Income: 212 123 $
Total Income: 1 626 277 $

% Time on Ice - Lightning

Lines # - Real PCT - Wanted PCT - Time Play
Normal Forward
1 - 33% - 40% - 15:25
2 - 25% - 30% - 11:30
3 - 31% - 20% - 14:19
4 - 10% - 10% - 4:48
Normal Defense
1 - 32% - 40% - 14:47
2 - 31% - 30% - 14:15
3 - 34% - 20% - 15:41
4 - 3% - 10% - 1:19
PP Forward
1 - 64% - 60% - 6:21
2 - 37% - 40% - 3:39
PP Defense
1 - 60% - 60% - 6:00
2 - 40% - 40% - 4:00
PK Forward
1 - 74% - 60% - 2:55
2 - 26% - 40% - 1:03
PK Defense
1 - 76% - 60% - 3:01
2 - 24% - 40% - 0:57
PK3 Forward
1 - 0% - 60%
2 - 0% - 40%
PK3 Defense
1 - 0% - 60%
2 - 0% - 40%
44 Forward
1 - 0% - 60%
2 - 0% - 40%
44 Defense
1 - 0% - 60%
2 - 0% - 40%
Last Minute Offensive  - 0:00
Last Minute Defensive  - 0:00
Total
Forward - 60:00
Defense - 60:00

% Time on Ice - Avalanche

Lines # - Real PCT - Wanted PCT - Time Play
Normal Forward
1 - 31% - 40% - 14:29
2 - 29% - 30% - 13:27
3 - 33% - 20% - 15:17
4 - 6% - 10% - 2:49
Normal Defense
1 - 27% - 40% - 12:23
2 - 32% - 30% - 14:35
3 - 32% - 20% - 14:45
4 - 9% - 10% - 4:19
PP Forward
1 - 57% - 60% - 2:15
2 - 43% - 40% - 1:43
PP Defense
1 - 57% - 60% - 2:15
2 - 43% - 40% - 1:43
PK Forward
1 - 67% - 60% - 6:43
2 - 33% - 40% - 3:17
PK Defense
1 - 54% - 60% - 5:26
2 - 46% - 40% - 4:34
PK3 Forward
1 - 0% - 60%
2 - 0% - 40%
PK3 Defense
1 - 0% - 60%
2 - 0% - 40%
44 Forward
1 - 0% - 60%
2 - 0% - 40%
44 Defense
1 - 0% - 60%
2 - 0% - 40%
Last Minute Offensive  - 0:00
Last Minute Defensive  - 0:00
Total
Forward - 60:00
Defense - 60:00

Play by Play

1st period


0:01 of 1st period - Jeff Carter wins face-off versus Alexander Steen in neutral zone.
0:04 of 1st period - Jaccob Slavin is hit by Patric Hornqvist and loses puck.
0:15 of 1st period - Shot by Johnny Gaudreau.
0:15 of 1st period - Shot Misses the Net.
0:23 of 1st period - Shot by Jeff Carter.
0:23 of 1st period - Shot Misses the Net.
0:25 of 1st period - Shot by Patric Hornqvist.
0:25 of 1st period - Stopped by Jake Allen without a rebound.
0:26 of 1st period - Martin Hanzal wins face-off versus Henrik Zetterberg in Avalanche zone.
0:34 of 1st period - Mitch Marner is hit by Erik Gudbranson and loses puck.
0:35 of 1st period - Mitch Marner from Avalanche is injured at 0:35 of 1st period (Sports Hernia).
0:36 of 1st period - Henrik Sedin wins face-off versus Derek Stepan in Lightning zone.
1:11 of 1st period - Shot by Dylan Larkin.
1:11 of 1st period - Shot Misses the Net.
1:13 of 1st period - Shot by Derek Stepan.
1:13 of 1st period - Shot Misses the Net.
1:15 of 1st period - Shot by Tomas Hertl.
1:15 of 1st period - Shot Blocked by Kevin Klein.
1:25 of 1st period - Shot by Tyson Barrie.
1:25 of 1st period - Stopped by Kari Lehtonen without a rebound.
1:26 of 1st period - Martin Hanzal wins face-off versus Henrik Zetterberg in Lightning zone.
1:37 of 1st period - Shot by Patrick Eaves.
1:37 of 1st period - Shot Misses the Net.
2:03 of 1st period - Shot by Henrik Zetterberg.
2:03 of 1st period - Stopped by Jake Allen without a rebound.
2:04 of 1st period - Jeff Carter wins face-off versus Alexander Steen in Avalanche zone.
2:14 of 1st period - Kevin Shattenkirk is hit by Andrej Sekera.
2:40 of 1st period - Shot by Johnny Gaudreau.
2:40 of 1st period - Stopped by Jake Allen without a rebound.
2:41 of 1st period - Travis Zajac wins face-off versus Derek Stepan in Avalanche zone.
2:53 of 1st period - Icing by Kevin Klein.
2:54 of 1st period - Travis Zajac wins face-off versus Martin Hanzal in Lightning zone.
3:09 of 1st period - Patrick Eaves is hit by Matt Cullen.
3:21 of 1st period - Martin Hanzal is hit by Patrick Eaves and loses puck.
3:42 of 1st period - Kevin Klein is hit by Alexander Steen and loses puck.
3:46 of 1st period - Minor Penalty to Dennis Wideman for Boarding.
3:47 of 1st period - Henrik Sedin wins face-off versus David Krejci in Lightning zone.
4:16 of 1st period - Shot by Alexander Steen.
4:16 of 1st period - Shot Misses the Net.
5:28 of 1st period - Shot by Martin Hanzal.
5:28 of 1st period - Stopped by Kari Lehtonen with a rebound.
5:52 of 1st period - Shot by Tomas Hertl.
5:52 of 1st period - Shot Misses the Net.
6:54 of 1st period - Kyle Quincey is hit by Alexandre Burrows and loses puck.
7:43 of 1st period - Shot by Mats Zuccarello.
7:43 of 1st period - Stopped by Kari Lehtonen without a rebound.
7:44 of 1st period - Martin Hanzal wins face-off versus Patrick Eaves in Lightning zone.
7:57 of 1st period - Shot by Zach Werenski.
7:57 of 1st period - Stopped by Kari Lehtonen without a rebound.
7:58 of 1st period - David Krejci wins face-off versus Henrik Sedin in Lightning zone.
8:56 of 1st period - Shot by Tobias Rieder.
8:56 of 1st period - Stopped by Jake Allen without a rebound.
8:57 of 1st period - Derek Stepan wins face-off versus Jeff Carter in Avalanche zone.
10:09 of 1st period - Shot by Zach Werenski.
10:09 of 1st period - Stopped by Kari Lehtonen without a rebound.
10:10 of 1st period - Henrik Zetterberg wins face-off versus Mats Zuccarello in Lightning zone.
10:19 of 1st period - Shot by Henrik Zetterberg.
10:19 of 1st period - Stopped by Jake Allen without a rebound.
10:20 of 1st period - David Krejci wins face-off versus Henrik Sedin in Avalanche zone.
10:56 of 1st period - Icing by Zach Werenski.
10:57 of 1st period - David Krejci wins face-off versus Henrik Zetterberg in Avalanche zone.
11:11 of 1st period - Shot by Patrick Eaves.
11:11 of 1st period - Shot Misses the Net.
12:02 of 1st period - Off-side.
12:03 of 1st period - Derek Stepan wins face-off versus Henrik Sedin in neutral zone.
12:13 of 1st period - Tyson Barrie is hit by Troy Brouwer and loses puck.
12:32 of 1st period - Shot by Tomas Hertl.
12:32 of 1st period - Stopped by Kari Lehtonen without a rebound.
12:33 of 1st period - Martin Hanzal wins face-off versus Jeff Carter in Lightning zone.
12:44 of 1st period - Patric Hornqvist is hit by Jaccob Slavin.
12:48 of 1st period - Shot by Jeff Carter.
12:48 of 1st period - Shot Misses the Net.
12:54 of 1st period - Shot by Jeff Carter.
12:54 of 1st period - Stopped by Jake Allen without a rebound.
12:55 of 1st period - Henrik Zetterberg wins face-off versus Derek Stepan in Avalanche zone.
13:11 of 1st period - Icing by Deryk Engelland.
13:12 of 1st period - Tomas Hertl wins face-off versus Jeff Carter in Avalanche zone.
14:25 of 1st period - Shot by Patrick Eaves.
14:25 of 1st period - Stopped by Jake Allen without a rebound.
14:26 of 1st period - Henrik Sedin wins face-off versus Martin Hanzal in Avalanche zone.
14:45 of 1st period - Shot by Matt Cullen.
14:45 of 1st period - Shot Misses the Net.
14:55 of 1st period - Shot by Frank Vatrano.
14:55 of 1st period - Shot Blocked by Andrej Sekera.
15:31 of 1st period - Minor Penalty to Dylan Larkin for Interference.
15:32 of 1st period - Jeff Carter wins face-off versus David Krejci in Avalanche zone.
17:33 of 1st period - Shot by Tobias Rieder.
17:33 of 1st period - Shot Misses the Net.
17:35 of 1st period - Shot by Vernon Fiddler.
17:35 of 1st period - Shot Misses the Net.
17:49 of 1st period - Erik Gudbranson is hit by Tomas Hertl and loses puck.
18:00 of 1st period - Shot by Patrick Eaves.
18:00 of 1st period - Shot Blocked by Brandon Carlo.
19:12 of 1st period - Shot by Martin Hanzal.
19:12 of 1st period - Shot Blocked by Dennis Wideman.
19:22 of 1st period - Shot by Jeff Carter.
19:22 of 1st period - Deflect By Johnny Gaudreau.
19:22 of 1st period - Stopped by Jake Allen with a rebound.
19:24 of 1st period - Shot by Jeff Carter.
19:24 of 1st period - Goal by Jeff Carter - Lightning : 1 - Avalanche : 0.
19:25 of 1st period - Derek Stepan wins face-off versus Tobias Rieder in neutral zone.
19:28 of 1st period - Shot by Derek Stepan.
19:28 of 1st period - Shot Blocked by Tobias Rieder.
19:35 of 1st period - Minor Penalty to Brandon Carlo for Boarding.
19:36 of 1st period - David Krejci wins face-off versus Jeff Carter in Avalanche zone.
19:36 of 1st period - Martin Hanzal is hit by Patric Hornqvist and loses puck.
Goals for this period are 1 for Lightning vs 0 for Avalanche.
Shots for this period are 9 for Lightning vs 6 for Avalanche.

2nd period


0:01 of 2nd period - David Krejci wins face-off versus Jeff Carter in neutral zone.
0:35 of 2nd period - Shot by Jeff Carter.
0:35 of 2nd period - Shot Misses the Net.
1:08 of 2nd period - Icing by Andrej Sekera.
1:09 of 2nd period - Jeff Carter wins face-off versus Alexander Steen in Lightning zone.
1:34 of 2nd period - Shot by Patrick Eaves.
1:34 of 2nd period - Shot Misses the Net.
1:36 of 2nd period - Shot by Kyle Quincey.
1:36 of 2nd period - Shot Misses the Net.
1:42 of 2nd period - Shot by Vernon Fiddler.
1:42 of 2nd period - Shot Misses the Net.
2:18 of 2nd period - Shot by Kevin Klein.
2:18 of 2nd period - Shot Blocked by Zach Werenski.
2:26 of 2nd period - Shot by Troy Brouwer.
2:26 of 2nd period - Shot Blocked by Brandon Carlo.
2:28 of 2nd period - Shot by Matt Hendricks.
2:28 of 2nd period - Stopped by Jake Allen without a rebound.
2:29 of 2nd period - Henrik Zetterberg wins face-off versus David Krejci in Avalanche zone.
3:54 of 2nd period - Martin Hanzal is hit by Kyle Quincey and loses puck.
4:18 of 2nd period - Minor Penalty to Andrej Sekera for Roughing.
4:19 of 2nd period - Travis Zajac wins face-off versus David Krejci in Lightning zone.
5:13 of 2nd period - Shot by Matt Cullen.
5:13 of 2nd period - Stopped by Kari Lehtonen without a rebound.
5:14 of 2nd period - Derek Stepan wins face-off versus Travis Zajac in Lightning zone.
5:33 of 2nd period - Shot by Tomas Hertl.
5:33 of 2nd period - Shot Misses the Net.
6:03 of 2nd period - Shot by Kevin Shattenkirk.
6:03 of 2nd period - Shot Misses the Net.
7:50 of 2nd period - Icing by Mats Zuccarello.
7:51 of 2nd period - David Krejci wins face-off versus Jeff Carter in Avalanche zone.
7:56 of 2nd period - David Krejci is hit by Jeff Carter and loses puck.
8:09 of 2nd period - Icing by Alexander Steen.
8:10 of 2nd period - David Krejci wins face-off versus Henrik Sedin in Avalanche zone.
8:21 of 2nd period - Shot by Alexander Steen.
8:21 of 2nd period - Shot Blocked by Kyle Quincey.
9:21 of 2nd period - Icing by Zach Werenski.
9:22 of 2nd period - Henrik Zetterberg wins face-off versus Derek Stepan in Avalanche zone.
9:22 of 2nd period - Henrik Zetterberg is hit by Zach Werenski.
9:33 of 2nd period - Shot by Patrick Eaves.
9:33 of 2nd period - Stopped by Jake Allen without a rebound.
9:34 of 2nd period - Martin Hanzal wins face-off versus Travis Zajac in Avalanche zone.
10:05 of 2nd period - Erik Gudbranson is hit by Martin Hanzal.
10:09 of 2nd period - Kyle Quincey is hit by Martin Hanzal and loses puck.
10:30 of 2nd period - Shot by Jeff Carter.
10:30 of 2nd period - Stopped by Jake Allen without a rebound.
10:31 of 2nd period - Matt Hendricks wins face-off versus David Krejci in Avalanche zone.
10:32 of 2nd period - Shot by Henrik Sedin.
10:32 of 2nd period - Stopped by Jake Allen without a rebound.
10:33 of 2nd period - Jeff Carter wins face-off versus David Krejci in Avalanche zone.
10:34 of 2nd period - Shot by Johnny Gaudreau.
10:34 of 2nd period - Stopped by Jake Allen without a rebound.
10:35 of 2nd period - Jeff Carter wins face-off versus Alexander Steen in Avalanche zone.
10:54 of 2nd period - Shot by Mats Zuccarello.
10:54 of 2nd period - Shot Misses the Net.
10:59 of 2nd period - Mats Zuccarello is hit by Trevor Daley and loses puck.
11:33 of 2nd period - Icing by Brandon Carlo.
11:34 of 2nd period - Henrik Zetterberg wins face-off versus Derek Stepan in Avalanche zone.
11:37 of 2nd period - Shot by Henrik Zetterberg.
11:37 of 2nd period - Shot Blocked by Brandon Carlo.
12:01 of 2nd period - Shot by Derek Stepan.
12:01 of 2nd period - Stopped by Kari Lehtonen without a rebound.
12:02 of 2nd period - Henrik Sedin wins face-off versus Martin Hanzal in Lightning zone.
12:07 of 2nd period - Shot by Troy Brouwer.
12:07 of 2nd period - Shot Misses the Net.
12:22 of 2nd period - Matt Cullen is hit by Kevin Klein and loses puck.
12:31 of 2nd period - Shot by Matt Hendricks.
12:31 of 2nd period - Shot Misses the Net.
12:48 of 2nd period - Icing by Kevin Klein.
12:49 of 2nd period - Mats Zuccarello wins face-off versus Troy Brouwer in Lightning zone.
12:49 of 2nd period - Mats Zuccarello is hit by Kevin Klein.
13:51 of 2nd period - Shot by Jeff Carter.
13:51 of 2nd period - Stopped by Jake Allen without a rebound.
13:52 of 2nd period - Henrik Zetterberg wins face-off versus Martin Hanzal in Avalanche zone.
14:12 of 2nd period - Shot by Henrik Zetterberg.
14:12 of 2nd period - Stopped by Jake Allen without a rebound.
14:13 of 2nd period - Travis Zajac wins face-off versus Derek Stepan in Avalanche zone.
14:24 of 2nd period - Shot by Patrick Eaves.
14:24 of 2nd period - Shot Misses the Net.
15:16 of 2nd period - Shot by Mats Zuccarello.
15:16 of 2nd period - Stopped by Kari Lehtonen with a rebound.
15:18 of 2nd period - Shot by Kevin Shattenkirk.
15:18 of 2nd period - Goal by Kevin Shattenkirk - Lightning : 1 - Avalanche : 1.
15:19 of 2nd period - Henrik Sedin wins face-off versus Martin Hanzal in neutral zone.
15:52 of 2nd period - Shot by Martin Hanzal.
15:52 of 2nd period - Stopped by Kari Lehtonen with a rebound.
16:19 of 2nd period - Icing by David Krejci.
16:20 of 2nd period - Henrik Zetterberg wins face-off versus David Krejci in Avalanche zone.
16:22 of 2nd period - Patrick Eaves is hit by Jaccob Slavin and loses puck.
16:56 of 2nd period - Icing by Kyle Quincey.
16:57 of 2nd period - Henrik Zetterberg wins face-off versus Derek Stepan in Lightning zone.
17:18 of 2nd period - Shot by Derek Stepan.
17:18 of 2nd period - Stopped by Kari Lehtonen without a rebound.
17:19 of 2nd period - Martin Hanzal wins face-off versus Jeff Carter in Lightning zone.
17:36 of 2nd period - Shot by Johnny Gaudreau.
17:36 of 2nd period - Shot Blocked by Brandon Carlo.
17:38 of 2nd period - Shot by Andrej Sekera.
17:38 of 2nd period - Stopped by Jake Allen without a rebound.
17:39 of 2nd period - David Krejci wins face-off versus Henrik Sedin in Avalanche zone.
17:51 of 2nd period - Shot by Henrik Sedin.
17:51 of 2nd period - Stopped by Jake Allen without a rebound.
17:52 of 2nd period - Matt Cullen wins face-off versus Jeff Carter in Avalanche zone.
18:01 of 2nd period - Trevor Daley is hit by Matt Cullen and loses puck.
18:25 of 2nd period - Shot by Patric Hornqvist.
18:25 of 2nd period - Shot Misses the Net.
18:27 of 2nd period - Shot by Johnny Gaudreau.
18:27 of 2nd period - Stopped by Jake Allen without a rebound.
18:28 of 2nd period - Henrik Zetterberg wins face-off versus David Krejci in Avalanche zone.
18:41 of 2nd period - Shot by Tobias Rieder.
18:41 of 2nd period - Stopped by Jake Allen without a rebound.
18:42 of 2nd period - Tomas Hertl wins face-off versus Henrik Sedin in Avalanche zone.
19:11 of 2nd period - Shot by Henrik Sedin.
19:11 of 2nd period - Shot Misses the Net.
19:18 of 2nd period - Minor Penalty to Kevin Shattenkirk for Hooking.
19:19 of 2nd period - David Krejci wins face-off versus Patric Hornqvist in Avalanche zone.
19:19 of 2nd period - Tyson Barrie is hit by Patric Hornqvist and loses puck.
19:28 of 2nd period - Shot by Jeff Carter.
19:28 of 2nd period - Stopped by Jake Allen with a rebound.
19:57 of 2nd period - Shot by Jeff Carter.
19:57 of 2nd period - Shot Misses the Net.
Goals for this period are 0 for Lightning vs 1 for Avalanche.
Shots for this period are 12 for Lightning vs 6 for Avalanche.

3rd period


0:01 of 3rd period - Jeff Carter wins face-off versus David Krejci in neutral zone.
0:14 of 3rd period - Shot by Jeff Carter.
0:14 of 3rd period - Stopped by Jake Allen without a rebound.
0:15 of 3rd period - Martin Hanzal wins face-off versus Henrik Zetterberg in Avalanche zone.
0:26 of 3rd period - Shot by Troy Brouwer.
0:26 of 3rd period - Shot Misses the Net.
0:49 of 3rd period - Shot by Henrik Zetterberg.
0:49 of 3rd period - Deflect By Patrick Eaves.
0:49 of 3rd period - Stopped by Jake Allen without a rebound.
0:50 of 3rd period - Alexander Steen wins face-off versus Jeff Carter in Avalanche zone.
1:00 of 3rd period - Johnny Gaudreau is hit by Brandon Carlo and loses puck.
1:27 of 3rd period - Shot by Henrik Sedin.
1:27 of 3rd period - Stopped by Jake Allen with a rebound.
1:29 of 3rd period - Shot by Kyle Quincey.
1:29 of 3rd period - Shot Blocked by Sami Vatanen.
1:31 of 3rd period - Shot by Troy Brouwer.
1:31 of 3rd period - Shot Misses the Net.
1:33 of 3rd period - Shot by Troy Brouwer.
1:33 of 3rd period - Shot Misses the Net.
1:35 of 3rd period - Shot by Troy Brouwer.
1:35 of 3rd period - Stopped by Jake Allen with a rebound.
1:37 of 3rd period - Shot by Kyle Quincey.
1:37 of 3rd period - Shot Misses the Net.
1:39 of 3rd period - Shot by Erik Gudbranson.
1:39 of 3rd period - Shot Misses the Net.
1:41 of 3rd period - Shot by Kyle Quincey.
1:41 of 3rd period - Stopped by Jake Allen with a rebound.
1:46 of 3rd period - Icing by Kevin Shattenkirk.
1:47 of 3rd period - Henrik Zetterberg wins face-off versus Matt Cullen in Avalanche zone.
2:03 of 3rd period - Icing by Matt Cullen.
2:04 of 3rd period - Jeff Carter wins face-off versus Matt Cullen in Avalanche zone.
2:13 of 3rd period - Shot by Jeff Carter.
2:13 of 3rd period - Shot Misses the Net.
2:35 of 3rd period - Shot by Johnny Gaudreau.
2:35 of 3rd period - Stopped by Jake Allen without a rebound.
2:36 of 3rd period - Henrik Zetterberg wins face-off versus Tomas Hertl in Avalanche zone.
3:04 of 3rd period - Henrik Zetterberg is hit by Tyson Barrie and loses puck.
3:08 of 3rd period - Minor Penalty to Deryk Engelland for Holding.
3:09 of 3rd period - Jeff Carter wins face-off versus Alexander Steen in Avalanche zone.
3:57 of 3rd period - Icing by Kevin Klein.
3:58 of 3rd period - Henrik Zetterberg wins face-off versus David Krejci in Lightning zone.
4:13 of 3rd period - Shot by Kevin Klein.
4:13 of 3rd period - Stopped by Jake Allen without a rebound.
4:14 of 3rd period - Henrik Zetterberg wins face-off versus David Krejci in Avalanche zone.
5:33 of 3rd period - Shot by Matt Hendricks.
5:33 of 3rd period - Stopped by Jake Allen without a rebound.
5:34 of 3rd period - Jeff Carter wins face-off versus Derek Stepan in Avalanche zone.
5:50 of 3rd period - Shot by Jeff Carter.
5:50 of 3rd period - Shot Blocked by Brandon Carlo.
5:52 of 3rd period - Shot by Patric Hornqvist.
5:52 of 3rd period - Shot Blocked by Brandon Carlo.
6:26 of 3rd period - Shot by Tobias Rieder.
6:26 of 3rd period - Stopped by Jake Allen with a rebound.
6:37 of 3rd period - Shot by Tobias Rieder.
6:37 of 3rd period - Shot Misses the Net.
6:39 of 3rd period - Shot by Patrick Eaves.
6:39 of 3rd period - Shot Misses the Net.
6:41 of 3rd period - Shot by Tobias Rieder.
6:41 of 3rd period - Goal by Tobias Rieder - Lightning : 2 - Avalanche : 1.
6:42 of 3rd period - David Krejci wins face-off versus Henrik Sedin in neutral zone.
6:54 of 3rd period - Minor Penalty to Kevin Shattenkirk for Close Hand On Puck.
6:55 of 3rd period - Jeff Carter wins face-off versus David Krejci in Avalanche zone.
6:55 of 3rd period - Jeff Carter is hit by Jaccob Slavin.
6:59 of 3rd period - Shot by Jeff Carter.
6:59 of 3rd period - Stopped by Jake Allen without a rebound.
7:00 of 3rd period - Jeff Carter wins face-off versus David Krejci in Avalanche zone.
7:05 of 3rd period - Shot by Kyle Quincey.
7:05 of 3rd period - Stopped by Jake Allen without a rebound.
7:06 of 3rd period - David Krejci wins face-off versus Henrik Zetterberg in Avalanche zone.
7:53 of 3rd period - Shot by Martin Hanzal.
7:53 of 3rd period - Shot Misses the Net.
9:18 of 3rd period - Off-side.
9:19 of 3rd period - Martin Hanzal wins face-off versus Johnny Gaudreau in neutral zone.
9:23 of 3rd period - Icing by Kevin Klein.
9:24 of 3rd period - Jeff Carter wins face-off versus David Krejci in Lightning zone.
10:11 of 3rd period - Jeff Carter is hit by Tomas Hertl and loses puck.
11:23 of 3rd period - Martin Hanzal is hit by Andrej Sekera.
11:26 of 3rd period - Icing by Trevor Daley.
11:27 of 3rd period - Henrik Zetterberg wins face-off versus David Krejci in Lightning zone.
11:33 of 3rd period - Icing by Mats Zuccarello.
11:34 of 3rd period - David Krejci wins face-off versus Henrik Sedin in Avalanche zone.
11:52 of 3rd period - Shot by Mats Zuccarello.
11:52 of 3rd period - Stopped by Kari Lehtonen without a rebound.
11:53 of 3rd period - Travis Zajac wins face-off versus Derek Stepan in Lightning zone.
11:53 of 3rd period - Vernon Fiddler is hit by Dylan Larkin and loses puck.
12:31 of 3rd period - Derek Stepan is hit by Andrej Sekera and loses puck.
13:21 of 3rd period - Shot by David Krejci.
13:21 of 3rd period - Shot Misses the Net.
13:33 of 3rd period - Shot by Jeff Carter.
13:33 of 3rd period - Shot Misses the Net.
13:37 of 3rd period - Shot by Johnny Gaudreau.
13:37 of 3rd period - Stopped by Jake Allen without a rebound.
13:38 of 3rd period - Henrik Zetterberg wins face-off versus Martin Hanzal in Avalanche zone.
13:39 of 3rd period - Shot by Patrick Eaves.
13:39 of 3rd period - Goal by Patrick Eaves - Lightning : 3 - Avalanche : 1.
13:40 of 3rd period - Martin Hanzal wins face-off versus Henrik Zetterberg in neutral zone.
15:07 of 3rd period - Jeff Carter is hit by Deryk Engelland and loses puck.
16:36 of 3rd period - Icing by Kevin Klein.
16:37 of 3rd period - Henrik Sedin wins face-off versus David Krejci in Lightning zone.
17:24 of 3rd period - Shot by Tobias Rieder.
17:24 of 3rd period - Stopped by Jake Allen without a rebound.
17:25 of 3rd period - Martin Hanzal wins face-off versus Vernon Fiddler in Avalanche zone.
17:25 of 3rd period - Martin Hanzal is hit by Kyle Quincey.
17:37 of 3rd period - Shot by Martin Hanzal.
17:37 of 3rd period - Shot Misses the Net.
17:47 of 3rd period - Shot by Travis Zajac.
17:47 of 3rd period - Stopped by Jake Allen without a rebound.
17:48 of 3rd period - Troy Brouwer wins face-off versus Derek Stepan in Avalanche zone.
18:11 of 3rd period - Shot by Tomas Hertl.
18:11 of 3rd period - Deflect By Derek Stepan.
18:11 of 3rd period - Shot Misses the Net.
18:13 of 3rd period - Shot by Derek Stepan.
18:13 of 3rd period - Shot Blocked by Troy Brouwer.
18:15 of 3rd period - Shot by Dylan Larkin.
18:15 of 3rd period - Shot Misses the Net.
18:21 of 3rd period - Shot by Derek Stepan.
18:21 of 3rd period - Shot Blocked by Kevin Klein.
18:24 of 3rd period - Derek Stepan is hit by Kevin Klein and loses puck.
18:48 of 3rd period - Icing by Kevin Klein.
18:49 of 3rd period - Martin Hanzal wins face-off versus Henrik Sedin in Lightning zone.
19:01 of 3rd period - Kevin Klein is hit by Matt Cullen and loses puck.
19:08 of 3rd period - Shot by Matt Cullen.
19:08 of 3rd period - Stopped by Kari Lehtonen without a rebound.
19:09 of 3rd period - Jeff Carter wins face-off versus David Krejci in Lightning zone.
19:27 of 3rd period - Off-side.
19:28 of 3rd period - Martin Hanzal wins face-off versus Tobias Rieder in neutral zone.
19:28 of 3rd period - Tyson Barrie is hit by Tobias Rieder and loses puck.
19:33 of 3rd period - Shot by Henrik Zetterberg.
19:33 of 3rd period - Shot Misses the Net.
19:35 of 3rd period - Shot by Tobias Rieder.
19:35 of 3rd period - Shot Blocked by Deryk Engelland.
19:37 of 3rd period - Shot by Tobias Rieder.
19:37 of 3rd period - Stopped by Jake Allen without a rebound.
19:38 of 3rd period - Jeff Carter wins face-off versus David Krejci in Avalanche zone.
19:38 of 3rd period - Johnny Gaudreau is hit by Kevin Shattenkirk and loses puck.
19:54 of 3rd period - Minor Penalty to Kevin Shattenkirk for Hooking.
19:55 of 3rd period - Jeff Carter wins face-off versus David Krejci in Avalanche zone.
Goals for this period are 2 for Lightning vs 0 for Avalanche.
Shots for this period are 17 for Lightning vs 2 for Avalanche.